 Dungeon Crawl Stone Soup version 0.25-a0-310-g60f0ac2d9a (webtiles) character file.

Game seed: 12946287203794547060, levelgen mode: deterministic

41 Glalom the Charmwright (level 3, 0/27 HPs)
             Began as a Merfolk Skald on Dec 23, 2019.
             Slain by an adder (4 damage)
             ... on level 2 of the Dungeon.
             The game lasted 00:02:39 (1424 turns).

Glalom the Charmwright (Merfolk Skald)              Turns: 1424, Time: 00:02:39

Health: 0/27       AC:  3    Str: 11    XL:     3   Next: 52%
Magic:  3/6        EV: 12    Int: 13    God:
Gold:   70         SH:  0    Dex: 13    Spells: 5/6 levels left

rFire    . . .     SeeInvis .   a - +0 spear
rCold    . . .     Gourm    .   (no shield)
rNeg     . . .     Faith    .   b - +0 leather armour
rPois    .         Spirit   .   (no helmet)
rElec    .         Reflect  .   (no cloak)
rCorr    .         Harm     .   (no gloves)
MR       .....                  (no boots)
Stlth    +.........             (no amulet)
HPRegen  0.09/turn              (no ring)
MPRegen  0.10/turn              (no ring)

@: lethally poisoned (0 -> -14), infused
A: change form in water, swift swim, stealthy swim
a: no special abilities


You were on level 2 of the Dungeon.
You were hungry.

You visited 1 branch of the dungeon, and saw 2 of its levels.

You collected 70 gold pieces.

Inventory:

Hand Weapons
 a - a +0 spear (weapon)
Armour
 b - a +0 leather armour (worn)
Scrolls
 e - a scroll of magic mapping {unknown}
 f - a scroll of enchant weapon {unknown}
 h - 4 scrolls of remove curse {unknown}
 i - a scroll of enchant armour {unknown}
Potions
 c - a potion of brilliance {unknown}
 g - 2 potions of degeneration {unknown}
 j - 2 potions of haste {unknown}
Comestibles
 d - 5 rations


   Skills:
 - Level 2.1 Fighting
 - Level 3.0 Polearms
 - Level 0.6 Armour
 - Level 2.6 Dodging
 - Level 2.0 Spellcasting
 + Level 4.9 Charms


You had 5 spell levels left.
You knew the following spells:

 Your Spells              Type           Power        Failure   Level  Hunger
a - Infusion              Chrm           ##..         4%          1    ##.....

Your spell library contained the following spells:

 Spells                   Type           Power        Failure   Level  Hunger
 Song of Slaying          Chrm           ##......     7%          2    ###....
 Shroud of Golubria       Chrm/Tloc      #.....       19%         2    ###....
 Regeneration             Chrm/Necr      #.........   36%         3    ####...
 Spectral Weapon          Hex/Chrm       #.......     36%         3    ####...


Dungeon Overview and Level Annotations

Branches:
Dungeon (2/15)

Altars:
Nemelex Xobeh
Uskayaw


Message History

The adder is almost dead.
* * * LOW HITPOINT WARNING * * *
You feel sick. The adder bites you.
* * * LOW HITPOINT WARNING * * *
You are more poisoned.
The adder poisons you!
You hit the adder.
The adder is almost dead.
* * * LOW HITPOINT WARNING * * *
You feel sick. The adder misses you.
Unknown command.
You closely miss the adder.
The adder is almost dead.
* * * LOW HITPOINT WARNING * * *
You feel sick. The adder closely misses you.
You closely miss the adder.
The adder is almost dead.
* * * LOW HITPOINT WARNING * * *
You feel sick. The adder bites you.
You die...

..<#.#........#
.#.#.#.#+####.##
.#.#.#.#.####..####
.# #.#..........#
######...###
#.#.#####+##
#.#.#...P.P.
#...........
##.#@...#.##
#.#S.### #.#..#
#....# ##...# #...#
##..# #..#


You could see an adder.

Vanquished Creatures
  An adder (D:2)
  5 dart slugs
  A leopard gecko (D:2)
  5 goblins
  2 hobgoblins (D:1)
  A quokka (D:2)
  2 bats (D:1)
  A frilled lizard (D:1)
  2 kobolds (D:2)
  A rat (D:2)
21 creatures vanquished.

Notes
Turn   | Place    | Note
-------+----------+-------------------------------------------
     0 | D:1      | Glalom the Merfolk Skald began the quest for the Orb.
     0 | D:1      | Reached XP level 1. HP: 16/16 MP: 3/3
    16 | D:1      | Noticed an electric eel
    16 | D:1      | Noticed an electric eel
   137 | D:1      | Reached XP level 2. HP: 22/22 MP: 1/5
   221 | D:1      | Reached skill level 4 in Charms
  1087 | D:2      | Reached XP level 3. HP: 23/27 MP: 1/6
  1213 | D:2      | Found a hide-covered altar of Uskayaw.
  1213 | D:2      | Found a sparkling altar of Nemelex Xobeh.
  1424 | D:2      | Slain by an adder

Levels and vault maps discovered:
D:1:      arrival_aquarium_b, layout_loops_ring, grunt_decor_fettered
D:2:      layout_basic, amethyst_overflow_temple_binary, zin_academy,
          minmay_misc_feat_ornament, cheibrodos_gnoll_hut

Skill      XL: |  1  2 |
---------------+-------+-----
Charms         | 4 |  4.9
Fighting       | |  2.1
Polearms       | |  3.0
Armour         | |  0.6
Dodging        | |  2.6
Spellcasting   | |  2.0

Action                   || total
-------------------------++-------
Melee: Spear             ||    79
 Cast: Infusion          ||    17
  Eat: Chunk             ||     1
Armor: Leather armour    ||    12
Dodge: Dodged            ||    42

Table legend:
 A = Non-vault XP
 B = Vault XP
 C = Vault XP percentage of total XP
 D = Non-vault monster count
 E = Vault monster count
 F = Vault count percentage of total count
                 A         B        C        D         E       F
            +---------+---------+-------+---------+---------+-------
      Total |      59 |       0 |   0.0 |      21 |       0 |   0.0
            +---------+---------+-------+---------+---------+-------
        D:1 |      26 |       0 |   0.0 |      12 |       0 |   0.0
        D:2 |      33 |       0 |   0.0 |       9 |       0 |   0.0
            +---------+---------+-------+---------+---------+-------
